 Dungeon Crawl Stone Soup version 0.31-a0-222-gefeffbb62a (webtiles) character file.

Game seed: 4987343101184827877

57387 senseless the Unseen (level 13, -20/70 HPs)
             Began as a Spriggan Hunter on July 5, 2023.
             Was the Champion of Jiyva.
             Shot with a bolt by a naga sharpshooter (28 damage)
             ... on level 2 of the Snake Pit.
             The game lasted 01:00:56 (15826 turns).

senseless the Unseen (Spriggan Hunter)             Turns: 15826, Time: 01:00:59

Health: -20/70     AC: 12    Str:  6    XL:     13   Next: 96%
Magic:  11/14      EV: 38    Int: 14    God:    Jiyva [******]
Gold:   747        SH:  0    Dex: 32    Spells: 12/12 levels left

rFire   + + .        b - +4 long sword of Duimixa {heavy, rPois}
rCold   . . .        (no shield)
rNeg    . . .        t - +0 steam dragon scales
rPois   +            g - +0 hat "Junguh" {rCorr Dex+3}
rElec   .            s - +2 cloak
rCorr   +            (gloves unavailable)
SInv    +            (boots unavailable)
Will    ++...        w - amulet of the acrobat
Stlth   ++++++++     L - +6 ring of dexterity
HPRegen 1.91/turn    B - +4 ring of protection
MPRegen 0.64/turn

%: acrobat
@: lethally poisoned (-20 -> -24), studying Stealth, very quick
A: very small, no large weapons, unfitting armour, see invisible, speed 3,
clever 1, fire resistance 2, sense surroundings 3, acidic bite, eyeballs 2,
MP-powered wands, engulf
}: 1/15 runes: slimy
a: Renounce Religion, Oozemancy, Slimify


You were on level 2 of the Snake Pit.
You worshipped Jiyva.
Jiyva was exalted by your worship.
You visited 4 branches of the dungeon, and saw 23 of its levels.
You also visited: Sewer.

You collected 1305 gold pieces.
You spent 558 gold pieces at shops.

Inventory:

Hand Weapons
 a - a +0 orcbow
 b - the +4 long sword of Duimixa (weapon) {heavy, rPois}
   (You found it on level 5 of the Pits of Slime)

   rPois:     It protects you from poison.
 j - the +1 rapier of Moufrak {flame, *Noise Int+2 SInv}
   (You found it on level 1 of the Snake Pit)

   Int:       It affects your intelligence (+2).
   SInv:      It lets you see invisible.
   *Noise:    It may make noises in combat.
 D - a +1 shortbow
 Q - the +6 dagger "Souwniga" {antimagic, rCorr Stlth+}
   (You found it on level 5 of the Pits of Slime)

   rCorr:     It protects you from acid and corrosion.
   Stlth:     It makes you more stealthy.
 S - the +6 dagger of Litegguo {flame, Int+4}
   (You found it on level 2 of the Dungeon)

   Int:       It affects your intelligence (+4).
Armour
 g - the +0 hat "Junguh" (worn) {rCorr Dex+3}
   (You acquired it on level 4 of the Dungeon)

   Dex:       It affects your dexterity (+3).
   rCorr:     It protects you from acid and corrosion.
 s - a +2 cloak (worn)
 t - +0 steam dragon scales (worn)
 N - a +2 robe of fire resistance
Magical Staves
 R - the staff "Kuafel" {rElec rN+ Dex+4 Air}
   (You found it on level 5 of the Pits of Slime)

   [staff of air]

   Base accuracy: +5 Base damage: 5 Base attack delay: 1.2 This weapon's minimum
   attack delay (0.6) is reached at skill level 12.
   Dex:       It affects your dexterity (+4).
   rElec:     It insulates you from electricity.
   rN:        It protects you from negative energy.
   Air:       It increases the power of your Air spells.
   It falls into the 'Staves' category.
   It is a two-handed weapon.
Jewellery
 q - a ring of fire
 r - a ring of protection from cold
 w - an amulet of the acrobat (around neck)
 B - a +4 ring of protection (right hand)
 I - a ring of protection from fire
 L - a +6 ring of dexterity (left hand)
 M - a +6 ring of strength
 O - a +6 ring of dexterity
 P - the ring "Entyi" {Ice Int+4 Dex-3 Stlth+}
   (You found it on level 5 of the Pits of Slime)

   [ring of ice]

   It enhances your ice magic.
   Int:       It affects your intelligence (+4).
   Dex:       It affects your dexterity (-3).
   rF:        It makes you vulnerable to fire.
   rC:        It protects you from cold.
   Stlth:     It makes you more stealthy.
Wands
 p - a wand of digging (4)
 z - a wand of acid (11)
 F - a wand of charming (7)
 G - a wand of roots (7)
 H - a wand of flame (11)
Scrolls
 e - 3 scrolls of identify
 h - a scroll of revelation
 m - 6 scrolls of teleportation
 u - 3 scrolls of poison
 J - a scroll of fog
Potions
 c - a potion of invisibility
 d - 2 potions of cancellation
 f - a potion of haste
 k - 2 potions of lignification
 l - 2 potions of attraction
 n - 3 potions of heal wounds
 o - a potion of mutation
 A - a potion of berserk rage
 C - 4 potions of curing
 K - 2 potions of brilliance


   Skills:
 + Level 9.6 Fighting
 + Level 11.9 Short Blades
 + Level 11.9 Ranged Weapons
 + Level 14.5 Dodging
 + Level 17.9 Stealth


You had 12 spell levels left.
You didn't know any spells.
Your spell library contained the following spells:

 Spells                   Type           Power      Damage    Failure   Level
 Ignite Poison            Fire/Tmut/Pois 0%         N/A       65%         3
 Manifold Assault         Tloc           0%         N/A       96%         4
 Sticky Flame             Conj/Fire      0%         2d3       96%         4
 Dispersal                Tloc           0%         N/A       100%        6
 Enfeeble                 Hex            0%         N/A       100%        7
 Malign Gateway           Summ/Tloc      0%         N/A       100%        7
 Disjunction              Tloc           0%         N/A       100%        8
 Ignition                 Fire           0%         3d3       100%        8


Dungeon Overview and Level Annotations

Branches:
Dungeon (11/15)            Temple (0/1) D:7            Lair (5/5) D:8
 Shoals (0/4) Lair:2        Snake (2/4) Lair:2        Slime (5/5) Lair:4
    Orc (0/2) D:11          Sewer (visited)

Altars:
Ashenzari
Dithmenos
Fedhas
Kikubaaqudgha
Makhleb
Nemelex Xobeh
Okawaru
Qazlal
Ru
Trog
Uskayaw
Xom
The Shining One
Jiyva

Shops:
D:3 =   Snake:1 *

Annotations:
D:6 3 runed translucent doors, KineticRobot's ghost, novice OgGl
Slime:5 Royal Jelly


Innate Abilities, Weirdness & Mutations

You are very small and have problems with some larger weapons.
You are too small for most types of armour.
You have supernaturally acute eyesight. (SInv)
You cover ground extremely quickly. (Speed+++)
Your mind is acute. (Int +4, Str/Dex -1)
Your flesh is very heat resistant. (rF++)
You passively map a large area around you.
You have acidic saliva.
Your body has grown many eyes which may confuse attackers. (Acc +5)
You expend magic power (3 MP) to strengthen your wands.
Your melee attacks may engulf your foes in ooze.


Message History

The black mamba is heavily wounded.
You feel very sick. The black mamba closely misses you.
The black mamba misses you. The naga completely misses you.
The black mamba bites you but does no damage.
The naga sharpshooter spits poison at you.
The splash of poison hits you.
You are more poisoned.
You resist.
The naga sharpshooter unwields a +0 scimitar.
The naga sharpshooter wields a +0 longbow.
The naga sharpshooter gestures wildly while chanting.
You slice the black mamba!!
You bite the black mamba, but do no damage.
The black mamba is almost dead.
You feel very sick.
The black mamba completely misses you. x2; The naga completely misses you.
The naga sharpshooter shoots a bolt.
The bolt closely misses you.
The naga sharpshooter mumbles some strange words.
The naga sharpshooter magically shoots an arrow.
The arrow misses you. The black mamba bites you!
* * * LOW HITPOINT WARNING * * *
You are more poisoned.
The black mamba poisons you! The naga completely misses you.
A thick mucus forms on the +4 long sword of Duimixa {heavy, rPois}.
* * * LOW HITPOINT WARNING * * *
You feel extremely sick. The black mamba completely misses you.
The naga sharpshooter shoots a bolt.
The bolt completely misses you.
The naga sharpshooter mumbles some strange words.
The naga sharpshooter magically shoots an arrow.
The arrow barely misses you. The black mamba completely misses you.
The naga completely misses you.
The black mamba quivers uncontrollably and liquefies into a slime creature!
* * * LOW HITPOINT WARNING * * *
You feel extremely sick.
The naga sharpshooter casts a spell.
The naga sharpshooter magically shoots a bolt.
The bolt hits you!!
You die...

* , * ,, , , #.<...# ,
, , ** * ##.....##. *
* ,,
##########.......... ,
, ....................
, ,,,, ,
....................,,
, , ,
....................
,,
#####†.....#####...,
,, ,,,
*######......##** #..
, *, , ,
#....@........., * , ,
, #....JN......... * *
** ........N.........
,, ,
.................. *
,, , *
..######.......... *,,
. ** #N........, , ,
,, , ......... * , ,
......... ,, , ,, , ,,
, , , * ** *


You could see 2 naga sharpshooters, a naga and a neutral slime creature (fellow
slime).

Vanquished Creatures
  Nessos (Lair:3)
  A fire dragon (Lair:5)
  Josephine (Lair:4)
  4 hydras
  A boulder beetle (D:9)
  3 anacondas
  A two-headed ogre (D:10)
  A naga warrior (Snake:1)
  A shock serpent (Snake:1)
  Urug (Lair:3)
  2 skysharks
  A swamp dragon (Lair:3)
  A lindwurm (Lair:5)
  A mana viper (Snake:2)
  2 oklob plants (Lair:4)
  8 elephants
  6 black mambas
  14 cane toads
  Maggie (D:6)
  A gargoyle (D:9)
  A kobold demonologist (D:10)
  6 torpor snails
  5 komodo dragons
  3 rime drakes
  2 polar bears
  A troll (D:10)
  7 blink frogs
  8 hornets (Lair:5)
  2 tyrant leeches (Lair:5)
  A vampire (D:8)
  32 yaks
  4 wraiths (Lair:4)
  5 wyverns
  2 basilisks
  3 fire bats (Lair:5)
  A steam dragon (D:8)
  Menkaure (D:4)
  2 nagas (Lair:2)
  13 water moccasins
  An orc warrior (D:9)
  2 ice beasts (D:7)
  3 black bears
  A sky beast (D:7)
  12 wolves
  2 centaurs
  A phantom (D:6)
  13 bullfrogs
  5 kobold brigands
  2 gnoll sergeants
  A scorpion (D:6)
  6 wights
  12 killer bees
  6 electric eels
  2 howler monkeys
  A lava snake (Lair:5)
  A gnoll bouda (D:7)
  4 hounds
  An orc priest (D:6)
  4 iguanas
  4 orc wizards
  3 adders
  A river rat (D:3)
  9 gnolls
  A shadow imp (D:7)
  A white imp (D:7)
  An ufetubus (D:6)
  2 worms (D:3)
  3 dart slugs
  13 orcs
  5 bats
  7 endoplasms
  8 giant cockroaches
  3 goblins
  12 hobgoblins
  9 jackals
  7 quokkas
  9 ball pythons
  12 frilled lizards
  11 kobolds
  12 rats
  A butterfly (Lair:2)
365 creatures vanquished.

Vanquished Creatures (collateral kills)
  A cane toad (Lair:2)
  2 komodo dragons
  2 tyrant leeches (Lair:5)
  3 yaks (Lair:2)
  A basilisk (Lair:1)
  2 electric eels (D:7)
  2 orc priests (D:9)
13 creatures vanquished.

Vanquished Creatures (others)
  Psyche (D:8)
  A yak (D:10)
  A steam dragon (D:9)
  3 water moccasins (D:8)
  A black bear (D:6)
  2 centaurs
  A phantom (D:5)
  A wight (D:9)
  A howler monkey (D:9)
  27 jellies
  2 iguanas (D:5)
  An orc wizard (D:9)
  4 gnolls
  2 white imps
  A giant cockroach (D:3)
  4 kobolds (D:8)
53 creatures vanquished.

Grand Total: 431 creatures vanquished

Notes
Turn   | Place    | Note
-------+----------+-------------------------------------------
     0 | D:1      | senseless the Spriggan Hunter began the quest for the Orb.
     0 | D:1      | Reached XP level 1. HP: 10/10 MP: 2/2
   142 | D:1      | Reached skill level 2 in Stealth
   146 | D:1      | Reached XP level 2. HP: 15/15 MP: 3/3
   265 | D:1      | Reached XP level 3. HP: 18/18 MP: 4/4
   581 | D:2      | Reached skill level 3 in Stealth
   744 | D:2      | Identified the +6 dagger of Litegguo {flame, Int+4}
  1051 | D:3      | Found a glowing drain.
  1065 | D:3      | Reached XP level 4. HP: 23/23 MP: 5/5
  1166 | Sewer    | Entered a sewer
  1501 | D:3      | Reached skill level 1 in Short Blades
  1557 | D:3      | Found an ancient bone altar of Kikubaaqudgha.
  1578 | D:3      | Found a sparkling altar of Nemelex Xobeh.
  1737 | D:3      | Found a burning altar of Makhleb.
  1978 | D:3      | Noticed a moth of wrath
  1981 | D:3      | Found a bloodstained altar of Trog.
  2005 | D:3      | Reached XP level 5. HP: 27/27 MP: 6/6
  2070 | D:3      | Found a faded altar of an unknown god.
  2073 | D:3      | Prayed at the altar of an unknown god.
  2073 | D:3      | Became a worshipper of Jiyva Jiseocir the Shapeless
  2073 | D:3      | Reached * piety under Jiyva
  2143 | D:3      | Found Ymmiwkuo's Jewellery Boutique.
  2313 | D:4      | Noticed Menkaure
  2677 | D:4      | Reached ** piety under Jiyva
  2682 | D:4      | Found a glowing golden altar of the Shining One.
  2854 | D:4      | Killed Menkaure
  2855 | D:4      | Reached skill level 4 in Stealth
  2855 | D:4      | Reached XP level 6. HP: 32/32 MP: 7/7
  2960 | D:4      | Identified a scroll of acquirement
  2960 | D:4      | Acquired the +0 hat "Junguh" {rCorr Dex+3}
  2968 | D:5      | Entered Level 5 of the Dungeon
  3127 | D:5      | Reached skill level 5 in Ranged Weapons
  3152 | D:5      | Reached *** piety under Jiyva
  3176 | D:5      | Found a shadowy altar of Dithmenos.
  3219 | D:5      | Reached skill level 5 in Stealth
  3250 | D:5      | Found a stormy altar of Qazlal.
  3314 | D:5      | Reached skill level 5 in Dodging
  3316 | D:5      | Noticed a water moccasin
  3322 | D:5      | Killed a water moccasin
  3323 | D:5      | Reached XP level 7. HP: 36/36 MP: 8/8
  3470 | D:5      | Gained mutation: You are strong-willed. (Will+) [Jiyva's
                  | grace]
  3470 | D:5      | Gained mutation: You are highly strong-willed. (Will++)
                  | [Jiyva's grace]
  3470 | D:5      | Gained mutation: You are extremely strong-willed. (Will+++)
                  | [Jiyva's grace]
  3470 | D:5      | Gained mutation: Your mind is acute. (Int +4, Str/Dex -1)
                  | [Jiyva's grace]
  3667 | D:6      | Noticed Maggie
  3694 | D:6      | Killed Maggie
  3695 | D:6      | Reached skill level 6 in Stealth
  3751 | D:6      | Found a runed translucent gate.
  3751 | D:6      | Found a runed translucent gate.
  3751 | D:6      | Found a runed translucent gate.
  3752 | D:6      | Noticed KineticRobot's ghost (novice OgGl)
  3753 | D:6      | Noticed a steam dragon
  3821 | D:6      | Identified the +0 chain mail of Qylocyu {rC+ rCorr MP+9
                  | Int+5}
  3901 | D:6      | Found a broken altar of Ashenzari.
  3992 | D:6      | Reached **** piety under Jiyva
  4109 | D:6      | Found a sacrificial altar of Ru.
  4168 | D:6      | Reached XP level 8. HP: 42/42 MP: 9/9
  4423 | D:7      | Reached skill level 7 in Stealth
  4557 | D:7      | Found a staircase to the Ecumenical Temple.
  4658 | D:7      | Reached skill level 8 in Stealth
  4737 | D:7      | Reached ***** piety under Jiyva
  4767 | D:7      | Reached skill level 5 in Short Blades
  4811 | D:7      | Reached XP level 9. HP: 46/46 MP: 10/10
  4945 | D:7      | Lost mutation: You are extremely strong-willed. (Will+++)
                  | [Jiyva's grace]
  4945 | D:7      | Lost mutation: You are highly strong-willed. (Will++)
                  | [Jiyva's grace]
  4945 | D:7      | Gained mutation: You are partially covered in iridescent
                  | scales. (AC +2) [Jiyva's grace]
  4945 | D:7      | Gained mutation: You are mostly covered in iridescent
                  | scales. (AC +4) [Jiyva's grace]
  4945 | D:7      | Gained mutation: You are completely covered in iridescent
                  | scales. (AC +6) [Jiyva's grace]
  4945 | D:7      | Gained mutation: You are partially covered in large bone
                  | plates. (SH +4) [Jiyva's grace]
  5178 | D:7      | Reached skill level 9 in Stealth
  5296 | D:8      | Found a blossoming altar of Fedhas.
  5315 | D:8      | Reached skill level 5 in Fighting
  5339 | D:8      | Noticed a komodo dragon
  5419 | D:8      | Killed Psyche
  5759 | D:8      | Killed a komodo dragon
  5760 | D:8      | Reached skill level 10 in Stealth
  5858 | D:8      | Reached XP level 10. HP: 53/53 MP: 11/11
  5865 | D:8      | Found a staircase to the Lair.
  6261 | D:3      | Bought a +4 ring of protection for 360 gold pieces
  6478 | D:9      | Noticed a gargoyle
  6526 | D:9      | Found an iron altar of Okawaru.
  6756 | D:9      | Reached skill level 11 in Stealth
  6782 | D:9      | Noticed a boulder beetle
  6864 | D:9      | Killed a boulder beetle
  6939 | D:9      | Killed a gargoyle
  6998 | D:9      | Reached skill level 10 in Dodging
  7016 | D:9      | Reached ****** piety under Jiyva
  7035 | D:9      | Found a hide-covered altar of Uskayaw.
  7059 | D:9      | Found a shimmering altar of Xom.
  7132 | D:9      | Lost mutation: You are completely covered in iridescent
                  | scales. (AC +6) [Jiyva's grace]
  7132 | D:9      | Lost mutation: You are mostly covered in iridescent scales.
                  | (AC +4) [Jiyva's grace]
  7132 | D:9      | Lost mutation: You are strong-willed. (Will+) [Jiyva's
                  | grace]
  7132 | D:9      | Gained mutation: Your skin changes colour to match your
                  | surroundings (Stealth+). [Jiyva's grace]
  7132 | D:9      | Gained mutation: Your skin blends seamlessly with your
                  | surroundings (Stealth++). [Jiyva's grace]
  7132 | D:9      | Gained mutation: Your skin perfectly mimics your
                  | surroundings (Stealth+++). [Jiyva's grace]
  7132 | D:9      | Gained mutation: You are covered in slimy tendrils that may
                  | disarm your opponents. [Jiyva's grace]
  7378 | D:10     | Entered Level 10 of the Dungeon
  7419 | D:10     | Noticed a sixfirhy
  7548 | D:10     | Noticed a two-headed ogre
  7558 | D:10     | Killed a two-headed ogre
  7559 | D:10     | Reached skill level 12 in Stealth
  7559 | D:10     | Reached XP level 11. HP: 58/58 MP: 12/12
  7993 | D:11     | Noticed an orc knight
  7993 | D:11     | Noticed a cyan ugly thing
  7993 | D:11     | Found a staircase to the Orcish Mines.
  8041 | Lair:1   | Entered Level 1 of the Lair of Beasts
  8607 | Lair:1   | Reached skill level 13 in Stealth
  9025 | Lair:2   | Lost mutation: You are partially covered in iridescent
                  | scales. (AC +2) [Jiyva's grace]
  9025 | Lair:2   | Lost mutation: Your skin perfectly mimics your surroundings
                  | (Stealth+++). [Jiyva's grace]
  9025 | Lair:2   | Gained mutation: Your body has grown eyes which may confuse
                  | attackers. (Acc +3) [Jiyva's grace]
  9025 | Lair:2   | Gained mutation: Your body has grown many eyes which may
                  | confuse attackers. (Acc +5) [Jiyva's grace]
  9025 | Lair:2   | Gained mutation: Your body is covered in eyes which may
                  | confuse attackers. (Acc +7, SInv) [Jiyva's grace]
  9025 | Lair:2   | Gained mutation: You expend magic power (3 MP) to
                  | strengthen your wands. [Jiyva's grace]
  9177 | Lair:2   | Found a staircase to the Snake Pit.
  9361 | Lair:2   | Found a staircase to the Shoals.
  9382 | Lair:2   | Noticed a skyshark
  9407 | Lair:2   | Killed a skyshark
  9446 | Lair:2   | Noticed a seven-headed hydra
  9471 | Lair:2   | Killed a seven-headed hydra
  9472 | Lair:2   | Reached XP level 12. HP: 37/64 MP: 13/13
  9973 | Lair:3   | Reached skill level 10 in Ranged Weapons
  9973 | Lair:3   | Reached skill level 14 in Stealth
 10041 | Lair:3   | Noticed an eight-headed hydra
 10048 | Lair:3   | Killed an eight-headed hydra
 10281 | Lair:2   | Reached skill level 10 in Short Blades
 10395 | Lair:3   | Noticed Urug
 10414 | Lair:3   | Killed Urug
 10690 | Lair:3   | Lost mutation: You are partially covered in large bone
                  | plates. (SH +4) [Jiyva's grace]
 10690 | Lair:3   | Lost mutation: Your body is covered in eyes which may
                  | confuse attackers. (Acc +7, SInv) [Jiyva's grace]
 10690 | Lair:3   | Gained mutation: Your melee attacks may engulf your foes in
                  | ooze. [Jiyva's grace]
 10690 | Lair:3   | Gained mutation: You have acidic saliva. [Jiyva's grace]
 10690 | Lair:3   | Gained mutation: Your flesh is heat resistant. (rF+)
                  | [Jiyva's grace]
 10690 | Lair:3   | Gained mutation: Your flesh is very heat resistant. (rF++)
                  | [Jiyva's grace]
 10729 | Lair:3   | Noticed Nessos
 10870 | Lair:3   | Killed Nessos
 10985 | Lair:3   | Reached skill level 15 in Stealth
 11185 | Lair:3   | Identified the +4 chain mail of the Crypt {+Blink Will+
                  | Slay-5}
 11300 | Lair:4   | Noticed a four-headed hydra
 11309 | Lair:4   | Killed a four-headed hydra
 11415 | Lair:4   | Reached XP level 13. HP: 49/69 MP: 14/14
 11939 | Lair:4   | Found a viscous altar of Jiyva.
 11940 | Lair:4   | Found a staircase to the Slime Pits.
 11974 | Lair:4   | Noticed Josephine
 11992 | Lair:4   | Killed Josephine
 12138 | Slime:1  | Entered Level 1 of the Pits of Slime
 12139 | Slime:1  | Noticed a formless jellyfish
 12141 | Slime:1  | Noticed an acid blob
 12152 | Slime:1  | Noticed a formless jellyfish
 12171 | Slime:1  | Noticed an acid blob
 12270 | Slime:2  | Noticed an azure jelly
 12271 | Slime:2  | Noticed a rockslime
 12339 | Slime:2  | Noticed an azure jelly
 12369 | Slime:2  | Noticed an acid blob
 12417 | Slime:3  | Noticed a formless jellyfish
 12420 | Slime:3  | Noticed a formless jellyfish
 12421 | Slime:3  | Noticed a formless jellyfish
 12437 | Slime:3  | Noticed an azure jelly
 12483 | Slime:3  | Noticed an azure jelly
 12701 | Slime:4  | Noticed an azure jelly
 12784 | Slime:4  | Noticed an acid blob
 12785 | Slime:4  | Noticed an azure jelly
 12811 | Slime:4  | Noticed a quicksilver ooze
 13005 | Slime:5  | Entered Level 5 of the Pits of Slime
 13005 | Slime:5  | Noticed an acid blob
 13019 | Slime:5  | Got Fomnae's Encyclopedia of Fey Movement
 13044 | Slime:5  | Identified the +6 dagger "Souwniga" {antimagic, rCorr
                  | Stlth+}
 13046 | Slime:5  | Noticed an acid blob
 13129 | Slime:5  | Noticed the Royal Jelly
 13140 | Slime:5  | Noticed an acid blob
 13165 | Slime:5  | Noticed an acid blob
 13169 | Slime:5  | Noticed an azure jelly
 13239 | Slime:5  | Found a viscous altar of Jiyva.
 13243 | Slime:5  | Identified the staff "Kuafel" {rElec rN+ Dex+4 Air}
 13253 | Slime:5  | Identified the ring "Entyi" {Ice Int+4 Dex-3 Stlth+}
 13257 | Slime:5  | Identified the +4 long sword of Duimixa {heavy, rPois}
 13260 | Slime:5  | Got a slimy rune of Zot
 13612 | Slime:2  | Noticed a rockslime
 13612 | Slime:2  | Noticed an acid blob
 13612 | Slime:2  | Noticed a rockslime
 13616 | Slime:1  | Noticed a quicksilver ooze
 13616 | Slime:1  | Noticed a quicksilver ooze
 13618 | Slime:1  | Noticed an acid blob
 13627 | Slime:1  | Noticed an acid blob
 13646 | Slime:1  | Noticed an acid blob
 13935 | Slime:3  | Noticed an azure jelly
 14084 | Slime:2  | Noticed an azure jelly
 14084 | Slime:2  | Noticed a quicksilver ooze
 14084 | Slime:2  | Noticed a rockslime
 14084 | Slime:2  | Noticed an azure jelly
 14084 | Slime:2  | Noticed an acid blob
 14084 | Slime:2  | Noticed a rockslime
 14084 | Slime:2  | Noticed a quicksilver ooze
 14084 | Slime:2  | Noticed a quicksilver ooze
 14084 | Slime:2  | Noticed an azure jelly
 14087 | Slime:2  | Noticed a quicksilver ooze
 14090 | Slime:2  | Noticed a quicksilver ooze
 14112 | Slime:2  | Noticed a rockslime
 14205 | Lair:5   | Entered Level 5 of the Lair of Beasts
 14251 | Lair:5   | Reached skill level 16 in Stealth
 14268 | Lair:5   | Found a glowing golden altar of the Shining One.
 14768 | Lair:5   | Found a runed translucent door.
 14768 | Lair:5   | Noticed a fire dragon
 14929 | Lair:5   | Reached skill level 17 in Stealth
 15003 | Lair:5   | Paralysed by a hornet for 2 turns
 15327 | Lair:5   | Killed a fire dragon
 15457 | Snake:1  | Entered Level 1 of the Snake Pit
 15624 | Snake:1  | Found Donlek's Neck Hole.
 15629 | Snake:1  | Identified the +1 rapier of Moufrak {flame, *Noise Int+2
                  | SInv}
 15633 | Snake:1  | Bought a +2 cloak for 198 gold pieces
 15716 | Snake:1  | Lost mutation: Your skin blends seamlessly with your
                  | surroundings (Stealth++). [Jiyva's grace]
 15716 | Snake:1  | Lost mutation: Your skin changes colour to match your
                  | surroundings (Stealth+). [Jiyva's grace]
 15716 | Snake:1  | Lost mutation: Your mind is acute. (Int +4, Str/Dex -1)
                  | [Jiyva's grace]
 15716 | Snake:1  | Lost mutation: You are covered in slimy tendrils that may
                  | disarm your opponents. [Jiyva's grace]
 15716 | Snake:1  | Gained mutation: You passively map a small area around you.
                  | [Jiyva's grace]
 15716 | Snake:1  | Gained mutation: You passively map the area around you.
                  | [Jiyva's grace]
 15716 | Snake:1  | Gained mutation: You passively map a large area around you.
                  | [Jiyva's grace]
 15716 | Snake:1  | Gained mutation: Your mind is acute. (Int +4, Str/Dex -1)
                  | [Jiyva's grace]
 15826 | Snake:2  | Shot with a bolt by a naga sharpshooter

Illustrated notes

Levels and vault maps discovered:
D:1:      saegor_arrival_simple_b, layout_basic
D:2:      layout_rooms, amcnicky_mini_corridor_feature,
          chequers_serial_rivers_small_b
D:3:      layout_loops_cross, mainiacjoe_overflow_six_doors_small, tgw_trog,
          lemuel_doored_altar, bloody_makhleb, serial_shops,
          nicolae_shop_pleasant_corner_grove, portal_sewer_entry_c,
          hellmonk_ecumenical_altar_inner_sanctum
D:4:      layout_loops_ring, amcnicky_altar_gilded, uniq_menkaure
D:5:      layout_basic, grunt_qazlal_sundering, nicolae_dithmenos_the_darkroom
D:6:      layout_basic, kennysheep_mini, kennysheep_little_box,
          gammafunk_ghost_split, nrook_uturn, uniq_maggie
D:7:      layout_basic, temple_doors_e, serial_bayou, serial_bayou_pond_d,
          serial_bayou_lagoon_b, serial_bayou_pond_c, serial_bayou_ford_a,
          eino_jars
D:8:      layout_loops_ring, fedhas_altar_2, due_lair_maze_entry_diamond,
          nrook_campfire, uniq_psyche
D:9:      layout_gridville, okawaru_altar_gauntlet_db,
          mainiacjoe_overflow_big_doors, onia_ninara_cookie
D:10:     layout_roguey, hellmonk_bongcloud_opening, solitary_fountain,
          mrwooster_statue_mirror, roderic_lattice_a
D:11:     layout_roguey, orc_david_3, minmay_misc_feat_hallway
Lair:1:   layout_chaotic_city
Lair:2:   layout_hall_layers, elwin_shoals_entry_rocks,
          guppyfry_snake_entry_island, small_statue_intersection, st_stairs_6,
          lemuel_fruit_fields
Lair:3:   layout_hall_layers, st_stairs_8, small_statue_intersection,
          chequers_serial_rivers_micro_d, hibernation_bobbens, uniq_nessos,
          uniq_urug
Lair:4:   layout_gridlike, minmay_slime_entry_oklob_open,
          eino_small_chamber_without_monster, grunt_forest_small_clearing_treed,
          uniq_josephine
Lair:5:   wormcave, layout_gridlike, basic_altar, serial_bayou_shore_a,
          lemuel_fruit_tree, infiniplex_staircase_pool, grunt_megastairs_2
Snake:1:  layout_onion_interference, nicolae_shop_sticking_my_neck_out
Snake:2:  layout_grid_maze, serial_shops, shop
Slime:1:  layout_caves
Slime:2:  layout_caves, special_room [special_room_jelly]
Slime:3:  layout_caves
Slime:4:  layout_caves
Slime:5:  slime_pit_nicolae_jellycorners

Skill      XL: |  1  2  3  4  5  6  7  8  9 10 11 12 13 |
---------------+----------------------------------------+-----
Stealth        | 2 3 4 5 6 8 10 12 13 15 17 | 17.9
Dodging        | 3 4 5 6 7 9 10 11 13 14 | 14.5
Fighting       | 2 3 4 5 6 7 8 9 |  9.6
Short Blades   | 1 2 3 5 6 8 9 10 11 | 11.9
Ranged Weapons | 5 6 7 8 9 10 11 | 11.9

Action                     |  1- 3 |  4- 6 |  7- 9 | 10-12 | 13-15 || total
---------------------------+-------+-------+-------+-------+-------++-------
  Melee: Dagger            |       |    37 |   228 |   571 |   170 ||  1006
         Punch             |       |       |     3 |    10 |     4 ||    17
         Bite              |       |       |       |    21 |    40 ||    61
         Long sword        |       |       |       |       |    59 ||    59
   Fire: Shortbow          |   114 |   126 |   173 |    43 |       ||   456
         Orcbow            |       |       |       |   385 |   195 ||   580
 Invoke: Slimify           |       |       |       |       |     1 ||     1
  Evoke: Wand              |       |       |       |       |     1 ||     1
    Use: Scroll            |     4 |     9 |     1 |     7 |     3 ||    24
         Potion            |       |       |       |     2 |     3 ||     5
   Stab: Sleeping          |       |       |     5 |     1 |     1 ||     7
         Confused          |       |       |       |    19 |    14 ||    33
         Paralysed         |       |       |       |       |     1 ||     1
 Armour: Robe              |     3 |     5 |       |       |       ||     8
         Steam dragon scal |       |       |    24 |    57 |    20 ||   101
  Dodge: Dodged            |    26 |    53 |   215 |   583 |   323 ||  1200
  Block: Other             |       |       |    12 |    66 |       ||    78

Table legend: (Time is in decaauts)
 A = Elapsed time spent in this place.
 B = Non-inter-level travel time spent in this place.
 C = Inter-level travel time spent in this place.
 D = Time resting spent in this place.
 E = Time spent auto-exploring this place.
 F = Levels seen in this place.
 G = Mean time per level.
                   A        B        C        D        E       F      G
               +--------+--------+--------+--------+--------+-----+--------+
         Total |  10625 |   9897 |    728 |    242 |   6815 |  24 |  442.7 |
       Dungeon |   5208 |   4783 |    425 |    135 |   3213 |  11 |  473.5 |
          Lair |   3576 |   3445 |    131 |      6 |   2326 |   5 |  715.2 |
     Snake Pit |    291 |    284 |      7 |      0 |    160 |   2 |  145.5 |
    Slime Pits |   1303 |   1140 |    163 |    100 |    951 |   5 |  260.6 |
         Sewer |    244 |    244 |      0 |      0 |    162 |   1 |  244.0 |
               +--------+--------+--------+--------+--------+-----+--------+

Top non-repeatable levels by time:
  Lair:5: 866 daAuts
  Lair:3: 865 daAuts
  Lair:2: 708 daAuts
     D:9: 692 daAuts
     D:7: 678 daAuts
     D:3: 630 daAuts
  Lair:4: 612 daAuts
     D:4: 585 daAuts
     D:6: 558 daAuts
     D:8: 529 daAuts
  Lair:1: 524 daAuts
     D:5: 452 daAuts
    D:10: 413 daAuts
     D:1: 404 daAuts
 Slime:5: 396 daAuts
